APP
BALTIMORE (APP) ORIOLES @ TEXAS (APP) RANGERS
09/28/2044
 
TOP OF THE 1ST
Baltimore (APP) Orioles batting - Pitching for Texas (APP) Rangers : LHP Jose Cepero
Pitching: LHP Jose Cepero
Batting: RHB Jeremy Sipe 0-0: Ball
1-0: Ball
2-0: Fly out, F5 (Line Drive, 5, EV 66.9 MPH)
Batting: RHB Mike Zepeda 0-0: Ball
1-0: Called Strike
1-1: Called Strike
1-2: Strikes out swinging
Batting: RHB J.J. Basil 0-0: Ball
1-0: Ball
2-0: Ground out 5-3 (Groundball, 56, EV 87.5 MPH)
Top of the 1st over - 0 runs, 0 hits, 0 errors, 0 left on base; Baltimore (APP) 0 - Texas (APP) 0
BOTTOM OF THE 1ST
Texas (APP) Rangers batting - Pitching for Baltimore (APP) Orioles : RHP Jonathan Spicer
Pitching: RHP Jonathan Spicer
Batting: LHB Walter Vegter 0-0: Ball
1-0: Ball
2-0: Foul Ball, location: 2F
2-1: Ball
3-1: Foul Ball, location: 2F
3-2: Fly out, F8 (Flyball, 8LM, EV 81.9 MPH)
Batting: RHB Robby Adair 0-0: Ball
1-0: Ball
2-0: Ball
3-0: Called Strike
3-1: Called Strike
3-2: Base on Balls
Batting: RHB Ryan Pastore 0-0: Called Strike
0-1: Foul Ball, location: 2F
0-2: Ball
Wild Pitch!
Robby Adair to second
1-2: Foul Ball, location: 2F
1-2: Ball
2-2: Foul Ball, location: 2F
2-2: Ball
3-2: Strikes out swinging
Batting: LHB Justin Wheelock 0-0: Called Strike
0-1: Called Strike
0-2: Reached on error, E6 (Groundball, 6, EV 83.8 MPH)
Robby Adair scores
Batting: RHB David Redman 0-0: DOUBLE (Line Drive, 7LD, EV 101.9 MPH)
Justin Wheelock scores
Batting: SHB Mark Paquin 0-0: Called Strike
0-1: Ball
1-1: Ball
2-1: Called Strike
2-2: Ball
3-2: Strikes out swinging
Bottom of the 1st over - 2 runs, 1 hit, 1 error, 1 left on base; Baltimore (APP) 0 - Texas (APP) 2
TOP OF THE 2ND
Baltimore (APP) Orioles batting - Pitching for Texas (APP) Rangers : LHP Jose Cepero
Batting: LHB Justin Alworth 0-0: Foul Ball, location: 2F
0-1: Ball
1-1: Swinging Strike
1-2: Ball
2-2: Ball
3-2: Strikes out swinging
Batting: RHB Kaleb Yerger 0-0: Foul Ball, location: 2F
0-1: Fly out, F8 (Flyball, 8LD, EV 97.5 MPH)
Batting: RHB Fernando Bravo 0-0: Ball
1-0: Swinging Strike
1-1: Foul Ball, location: 2F
1-2: Hit by Pitch
Batting: RHB Matt O'Dea 0-0: Foul Ball, location: 2F
0-1: Foul Ball, location: 2F
0-2: Foul Ball, location: 2F
0-2: Ball
1-2: Ball
2-2: Ball
3-2: Strikes out swinging
Top of the 2nd over - 0 runs, 0 hits, 0 errors, 1 left on base; Baltimore (APP) 0 - Texas (APP) 2
BOTTOM OF THE 2ND
Texas (APP) Rangers batting - Pitching for Baltimore (APP) Orioles : RHP Jonathan Spicer
Batting: RHB Matt Silva 0-0: Ball
1-0: Ball
2-0: Ball
3-0: Called Strike
3-1: Called Strike
3-2: DOUBLE (Flyball, 8LXD, EV 108.8 MPH)
Batting: RHB Alex Lopez 0-0: Swinging Strike
0-1: Ground out 6-3 (Groundball, 56, EV 100.6 MPH)
Batting: SHB Albert Ortiz 0-0: Called Strike
0-1: Called Strike
0-2: Fly out, F7 (Flyball, 7, EV 88.1 MPH)
Batting: LHB Walter Vegter 0-0: Ball
1-0: Ball
2-0: Foul Ball, location: 2F
2-1: Foul Ball, location: 2F
2-2: Ball
3-2: DOUBLE (Line Drive, 89M, EV 101.9 MPH)
Matt Silva scores
Batting: RHB Robby Adair 0-0: Called Strike
0-1: Foul Ball, location: 2F
0-2: Ball
1-2: Ball
2-2: SINGLE (Groundball, 56D, EV 108.1 MPH) (infield hit)
Walter Vegter to third
Batting: RHB Ryan Pastore 0-0: Ball
1-0: Foul Ball, location: 2F
1-1: Ball
2-1: SINGLE (Line Drive, 56, EV 98.8 MPH)
Walter Vegter scores
Robby Adair to second
Batting: LHB Justin Wheelock 0-0: Ball
1-0: Foul Ball, location: 2F
1-1: Ball
2-1: Ball
3-1: Foul Ball, location: 2F
3-2: SINGLE (Groundball, 4D, EV 101.2 MPH)
Robby Adair to third
Ryan Pastore to second
Robby Adair scores
Ryan Pastore to third
Batting: RHB David Redman 0-0: SINGLE (Groundball, 5S, EV 68.8 MPH) (infield hit)
Ryan Pastore scores
Justin Wheelock to second
Batting: SHB Mark Paquin 0-0: Foul Ball, location: 2F
0-1: Foul Ball, location: 2F
0-2: Fly out, F7 (Flyball, 7, EV 88.1 MPH)
Bottom of the 2nd over - 4 runs, 6 hits, 0 errors, 2 left on base; Baltimore (APP) 0 - Texas (APP) 6
TOP OF THE 3RD
Baltimore (APP) Orioles batting - Pitching for Texas (APP) Rangers : LHP Jose Cepero
Batting: LHB Rodolfo Montes 0-0: Ball
1-0: Swinging Strike
1-1: Foul Ball, location: 2F
1-2: Ball
2-2: Ground out 6-3 (Groundball, 6, EV 83.1 MPH)
Batting: RHB Bobby White 0-0: Ball
1-0: Called Strike
1-1: Swinging Strike
1-2: Ball
2-2: Strikes out swinging
Batting: RHB Jeremy Sipe 0-0: Called Strike
0-1: Ball
1-1: Ball
2-1: Ball
3-1: Ground out 5-3 (Groundball, 5, EV 104.4 MPH)
Top of the 3rd over - 0 runs, 0 hits, 0 errors, 0 left on base; Baltimore (APP) 0 - Texas (APP) 6
BOTTOM OF THE 3RD
Texas (APP) Rangers batting - Pitching for Baltimore (APP) Orioles : RHP Jonathan Spicer
Batting: RHB Matt Silva 0-0: Ground out 2-3 (Groundball, 2L, EV 63.8 MPH)
Batting: RHB Alex Lopez 0-0: Fly out, F4 (Line Drive, 4, EV 72.5 MPH)
Batting: SHB Albert Ortiz 0-0: Ball
1-0: Swinging Strike
1-1: Ball
2-1: Swinging Strike
2-2: Strikes out looking
Bottom of the 3rd over - 0 runs, 0 hits, 0 errors, 0 left on base; Baltimore (APP) 0 - Texas (APP) 6
TOP OF THE 4TH
Baltimore (APP) Orioles batting - Pitching for Texas (APP) Rangers : LHP Jose Cepero
Batting: RHB Mike Zepeda 0-0: Called Strike
0-1: Ball
1-1: Called Strike
1-2: Ball
2-2: Foul Ball, location: 2F
2-2: Strikes out swinging
Batting: RHB J.J. Basil 0-0: Ball
1-0: Called Strike
1-1: Ball
2-1: Swinging Strike
2-2: Foul Ball, location: 2F
2-2: Foul Ball, location: 2F
2-2: SINGLE (Flyball, 9LS, EV 90.6 MPH)
Batting: LHB Justin Alworth 0-0: Fly out, F9 (Flyball, 9D, EV 108.8 MPH)
Batting: RHB Kaleb Yerger 0-0: Called Strike
0-1: Ball
1-1: Ball
2-1: Foul Ball, location: 2F
2-2: Strikes out swinging
Top of the 4th over - 0 runs, 1 hit, 0 errors, 1 left on base; Baltimore (APP) 0 - Texas (APP) 6
BOTTOM OF THE 4TH
Texas (APP) Rangers batting - Pitching for Baltimore (APP) Orioles : RHP Jonathan Spicer
Batting: LHB Walter Vegter 0-0: Ball
1-0: Ball
2-0: Called Strike
2-1: Called Strike
2-2: Ball
3-2: Foul Ball, location: 2F
3-2: Foul Ball, location: 2F
3-2: Strikes out swinging
Pitching: RHP Oscar Chacon
Batting: RHB Robby Adair 0-0: Ball
1-0: Swinging Strike
1-1: Swinging Strike
1-2: SINGLE (Line Drive, 7S, EV 90.0 MPH)
Batting: RHB Ryan Pastore 0-0: Swinging Strike
0-1: Ball
1-1: Ball
2-1: Ball
3-1: Foul Ball, location: 2F
3-2: Strikes out looking
Robby Adair steals 2nd base
Batter strikes out.
Batting: LHB Justin Wheelock 0-0: Ball
1-0: Called Strike
1-1: Ball
2-1: Ball
3-1: Swinging Strike
3-2: Base on Balls
Batting: RHB David Redman 0-0: Called Strike
0-1: Ball
Wild Pitch!
Robby Adair to third
Justin Wheelock to second
1-1: Ground out 5-3 (Groundball, 5S, EV 91.9 MPH)
Bottom of the 4th over - 0 runs, 1 hit, 0 errors, 2 left on base; Baltimore (APP) 0 - Texas (APP) 6
TOP OF THE 5TH
Baltimore (APP) Orioles batting - Pitching for Texas (APP) Rangers : LHP Jose Cepero
Batting: RHB Fernando Bravo 0-0: Called Strike
0-1: Called Strike
0-2: Ball
1-2: Fly out, F4 (Line Drive, 4, EV 67.5 MPH)
Batting: RHB Matt O'Dea 0-0: Ball
1-0: Called Strike
1-1: Ball
2-1: Ball
3-1: Foul Ball, location: 2F
3-2: Strikes out swinging
Batting: LHB Rodolfo Montes 0-0: Foul Ball, location: 2F
0-1: Ball
1-1: Ball
2-1: Foul Ball, location: 2F
2-2: Foul Ball, location: 2F
2-2: Strikes out swinging
Top of the 5th over - 0 runs, 0 hits, 0 errors, 0 left on base; Baltimore (APP) 0 - Texas (APP) 6
BOTTOM OF THE 5TH
Texas (APP) Rangers batting - Pitching for Baltimore (APP) Orioles : RHP Oscar Chacon
Batting: SHB Mark Paquin 0-0: Ball
1-0: Ball
2-0: Foul Ball, location: 2F
2-1: Foul Ball, location: 2F
2-2: Ground out 5-3 (Groundball, 56, EV 101.9 MPH)
Batting: RHB Matt Silva 0-0: Ground out 4-3 (Groundball, 4, EV 84.4 MPH)
Batting: RHB Alex Lopez 0-0: Ball
1-0: Called Strike
1-1: Fly out, F4 (Line Drive, 4, EV 71.9 MPH)
Bottom of the 5th over - 0 runs, 0 hits, 0 errors, 0 left on base; Baltimore (APP) 0 - Texas (APP) 6
TOP OF THE 6TH
Baltimore (APP) Orioles batting - Pitching for Texas (APP) Rangers : LHP Jose Cepero
Batting: RHB Bobby White 0-0: Ball
1-0: Ball
2-0: Ball
3-0: Called Strike
3-1: Called Strike
3-2: Base on Balls
Batting: RHB Jeremy Sipe 0-0: Called Strike
0-1: Ball
1-1: Ball
2-1: SINGLE (Groundball, 56, EV 98.8 MPH) (infield hit)
Bobby White to second
Batting: RHB Mike Zepeda 0-0: Ball
1-0: Called Strike
1-1: Ball
2-1: Ball
3-1: Foul Ball, location: 2F
3-2: Grounds into double play, 4-6-3 (Groundball, 4, EV 102.5 MPH)
Bobby White to third
Batting: RHB J.J. Basil 0-0: Foul Ball, location: 2F
0-1: Called Strike
0-2: Foul Ball, location: 2F
0-2: Strikes out swinging
Top of the 6th over - 0 runs, 1 hit, 0 errors, 1 left on base; Baltimore (APP) 0 - Texas (APP) 6
BOTTOM OF THE 6TH
Texas (APP) Rangers batting - Pitching for Baltimore (APP) Orioles : RHP Oscar Chacon
Batting: SHB Albert Ortiz 0-0: Ball
1-0: Swinging Strike
1-1: Swinging Strike
1-2: Foul Ball, location: 2F
1-2: Ball
2-2: Ball
3-2: Foul Ball, location: 2F
3-2: Strikes out swinging
Batting: LHB Walter Vegter 0-0: Called Strike
0-1: Ball
1-1: Ball
2-1: Ball
3-1: Base on Balls
Batting: RHB Robby Adair 0-0: Ball
Walter Vegter steals 2nd base
1-0: Ground out 4-3 (Groundball, 4M, EV 83.8 MPH)
Walter Vegter to third
Batting: RHB Ryan Pastore 0-0: Ball
1-0: Called Strike
1-1: Foul Ball, location: 2F
1-2: Ball
2-2: DOUBLE (Flyball, 8LXD, EV 96.9 MPH)
Walter Vegter scores
Batting: LHB Justin Wheelock 0-0: Fly out, F9 (Flyball, 9, EV 85.6 MPH)
Bottom of the 6th over - 1 run, 1 hit, 0 errors, 1 left on base; Baltimore (APP) 0 - Texas (APP) 7
TOP OF THE 7TH
Baltimore (APP) Orioles batting - Pitching for Texas (APP) Rangers : LHP Jose Cepero
Pitching: RHP Logan Dietz
Pinch Hitting: RHB Ronnie Cummings 0-0: Ball
1-0: Ball
2-0: Called Strike
2-1: Fly out, F9 (Flyball, 89S, EV 91.2 MPH)
Batting: RHB Kaleb Yerger 0-0: Ball
1-0: Ball
2-0: Ball
3-0: Called Strike
3-1: Fly out, F9 (Flyball, 9LD, EV 92.5 MPH)
Batting: RHB Fernando Bravo 0-0: Ball
1-0: Ground out 5-3 (Groundball, 56, EV 92.5 MPH)
Top of the 7th over - 0 runs, 0 hits, 0 errors, 0 left on base; Baltimore (APP) 0 - Texas (APP) 7
BOTTOM OF THE 7TH
Texas (APP) Rangers batting - Pitching for Baltimore (APP) Orioles : RHP Oscar Chacon
Now in RF: Matt Foster
Batting: RHB David Redman 0-0: Foul Ball, location: 2F
0-1: Ground out 5-3 (Groundball, 56, EV 85.6 MPH)
Batting: SHB Mark Paquin 0-0: Ball
1-0: Ball
2-0: Ball
3-0: Called Strike
3-1: Base on Balls
DELAY Rain delay of 60 minutes in the 7th inning.
Pitching: RHP Jason Vigil
Batting: RHB Matt Silva 0-0: Ball
Mark Paquin steals 2nd base
1-0: Ball
2-0: Ball
3-0: Called Strike
3-1: Base on Balls
Batting: RHB Alex Lopez 0-0: Swinging Strike
0-1: Ball
1-1: SINGLE (Groundball, 56D, EV 103.8 MPH)
Mark Paquin to third
Matt Silva to second
Runner from 3rd tries for Home, throw by LF and OUT! 7-2
Batting: SHB Albert Ortiz 0-0: Ball
1-0: Ball
2-0: Ball
3-0: Called Strike
3-1: Swinging Strike
3-2: Strikes out swinging
Bottom of the 7th over - 0 runs, 1 hit, 0 errors, 2 left on base; Baltimore (APP) 0 - Texas (APP) 7
TOP OF THE 8TH
Baltimore (APP) Orioles batting - Pitching for Texas (APP) Rangers : RHP Logan Dietz
Batting: RHB Matt O'Dea 0-0: Ball
1-0: Foul Ball, location: 2F
1-1: Called Strike
1-2: Ball
2-2: Strikes out swinging
Batting: LHB Rodolfo Montes 0-0: Ground out 4-3 (Groundball, 4M, EV 83.1 MPH)
Batting: RHB Bobby White 0-0: Ball
1-0: Ground out 6-3 (Groundball, 6, EV 90.0 MPH)
Top of the 8th over - 0 runs, 0 hits, 0 errors, 0 left on base; Baltimore (APP) 0 - Texas (APP) 7
BOTTOM OF THE 8TH
Texas (APP) Rangers batting - Pitching for Baltimore (APP) Orioles : RHP Jason Vigil
Batting: LHB Walter Vegter 0-0: Ground out 6-3 (Groundball, 6M, EV 96.2 MPH)
Batting: RHB Robby Adair 0-0: Fly out, F9 (Flyball, 9S, EV 79.4 MPH)
Batting: RHB Ryan Pastore 0-0: Foul Ball, location: 2F
0-1: Ball
1-1: Foul Ball, location: 2F
1-2: Ground out 5-3 (Groundball, 5S, EV 84.4 MPH)
Bottom of the 8th over - 0 runs, 0 hits, 0 errors, 0 left on base; Baltimore (APP) 0 - Texas (APP) 7
TOP OF THE 9TH
Baltimore (APP) Orioles batting - Pitching for Texas (APP) Rangers : RHP Logan Dietz
Batting: RHB Jeremy Sipe 0-0: Fly out, F7 (Line Drive, 7, EV 92.5 MPH)
Batting: RHB Mike Zepeda 0-0: Called Strike
0-1: DOUBLE (Line Drive, 9LS, EV 108.8 MPH)
Pinch Hitting: RHB Ioan Biros 0-0: Called Strike
0-1: Ball
1-1: Swinging Strike
1-2: Strikes out looking
Batting: RHB Matt Foster 0-0: Ball
Wild Pitch!
Mike Zepeda to third
1-0: Ball
2-0: Ball
3-0: Called Strike
3-1: Ground out 6-3 (Groundball, 6, EV 98.8 MPH)
Top of the 9th over - 0 runs, 1 hit, 0 errors, 1 left on base; Baltimore (APP) 0 - Texas (APP) 7
Thursday, March 31st , 2022 - OOTP Baseball 22.12 Build 89